AoeStats
← 勇闯天涯

Pilgrims

509720878Analyzed
2v2 RM · 4d ago on Sep 27, 2026· 40m 12s· 4 players
Game mode
Random Map
Map size
Medium (4 player)
Population
200
Speed
Normal
Resources
Standard
Victory
Conquest
Starting age
Dark Age
Ending age
Imperial Age
RankedLock teamsTeams togetherTeam positionsShared explorationLock speedFull tech treeHidden civsTurbo modeCheats
Victory
Defeat
🇹🇷 Goths · Türkiye
1086
+14
🇨🇳 Vikings · China
1033
+16
🇲🇽 Vietnamese · Mexico
1052
-15
🇺🇸 Japanese · United States
1034
-15
HDSON.menoncab
7:59 Loom
11:10 Feudal Age
11:55 Double-Bit Axe
19:26 Castle Age
19:04 Fletching
20:50 Horse Collar
21:21 Bow Saw
26:03 Scale Barding Armor
28:48 Husbandry
32:33 Wheelbarrow
32:41 Town Watch
35:41 Imperial Age
33:26 Bodkin Arrow
35:31 Scale Mail Armor
38:45 Two-Man Saw
HDSON.Stilson16
10:19 Loom
12:51 Feudal Age
11:08 Loom
17:17 Castle Age
15:07 Fishing Lines
17:29 Fletching
18:17 Medium Warships
27:21 Demolition Ship
PsyQuart
9:07 Loom
11:17 Feudal Age
13:58 Double-Bit Axe
16:46 Castle Age
16:42 Man-at-Arms
17:28 Horse Collar
18:07 Bow Saw
18:05 Squires
18:53 Medium Warships
19:05 Medium Warships
20:33 Long Swordsman
23:26 Scale Mail Armor
23:37 Forging
25:44 Heavy Plow
27:36 Wheelbarrow
26:41 Pikeman
29:26 Chain Mail Armor
31:11 Town Watch
34:11 Hand Cart
37:24 Imperial Age
37:53 Forging
37:31 Two-Handed Swordsman
37:43 Two-Handed Swordsman
37:47 Halberdier
39:09 Crop Rotation
39:12 Conscription
40:12 Iron Casting
勇闯天涯
11:09 Feudal Age
13:20 Loom
15:21 Double-Bit Axe
18:12 Castle Age
16:47 Fletching
17:02 Padded Archer Armor
18:19 Fishing Lines
20:43 Medium Warships
21:51 Bodkin Arrow
25:31 Scale Mail Armor
32:31 Bow Saw
36:55 Imperial Age
34:16 Town Watch
35:12 Ballistics
36:37 Gold Mining
39:12 Pikeman
39:53 Squires
41:01 Chain Mail Armor
Connection lost

Rejoining the realm…

Still unreachable

The connection could not be restored.

Session expired

The server has moved on; the page needs a fresh start.